 Dungeon Crawl Stone Soup version 0.13-a0-2318-gf5ad1f9 (webtiles) character file.

811 Lekart the Ducker (level 7, -26/58 HPs)
             Began as a Yellow Draconian Chaos Knight on July 10, 2013.
             Was a Plaything of Xom.
             Killed from afar by a centaur (48 damage)
             ... with an exploding inner flame
             ... hexed by Xom
             ... on Level 5 of the Dungeon.
             The game lasted 00:19:03 (3511 turns).

Lekart the Ducker (Yellow Draconian Chaos Knight)   Turns: 3511, Time: 00:19:03

HP -26/58        AC 11     Str 19      XL: 7   Next: 20%
MP   7/7         EV 14     Int 13      God: Xom
Gold 197         SH  0     Dex 12      Spells:  0 memorised,  6 levels left

Res.Fire  : . . .   See Invis. : .   a - +0,+1 scythe (protect)
Res.Cold  : . . .   Warding    : .   (armour unavailable)
Life Prot.: . . .   Conserve   : .   (no shield)
Res.Poison: +       Res.Corr.  : +   (helmet restricted)
Res.Elec. : .       Clarity    : .   (no cloak)
Sust.Abil.: . .     Spirit.Shd : .   (no gloves)
Res.Mut.  : .       Stasis     : .   (no boots)
Res.Rott. : .       Flight     : .   (no amulet)
Saprovore : . . .                    t - ring of poison resistance
                                     e - +5 ring of strength

@: slightly resistant to hostile enchantments, unstealthy
A: spit acid, acid resistance, unfitting armour, AC +6
a: Spit Acid, Renounce Religion


You were on level 5 of the Dungeon.
You worshipped Xom.
You were Xom's teddy bear.
You were not hungry.

You visited 1 branch of the dungeon, and saw 5 of its levels.

You collected 177 gold pieces.

Inventory:

Hand weapons
 a - a +0,+1 scythe of protection (weapon)
 k - a +0,+0 hand axe of chaos {=f}
 x - a +2,+2 dagger of draining (quivered)
 y - the -1,-3 spear of Ateffam {pierce, Int-1}
   (You found it on level 5 of the Dungeon)

   It inflicts extra damage upon your enemies.
   It affects your intelligence (-1).
Magical devices
 n - a wand of cold (0)
 s - a wand of random effects (0)
Comestibles
 c - 4 bread rations
 f - a slice of pizza
 q - a rotting chunk of jackal flesh
 v - a meat ration
 z - a choko
 B - a banana
Scrolls
 b - 2 scrolls of teleportation
 d - a scroll of blinking
 g - a scroll of fear
 h - 5 scrolls of identify
 i - a scroll of curse armour
 l - 2 scrolls of enchant armour
 o - a scroll of curse jewellery
 p - a scroll of noise
Jewellery
 e - a +5 ring of strength (left hand)
 t - a ring of poison resistance (right hand)
Potions
 j - a potion of agility
 m - 3 potions of curing
 r - a potion of brilliance
 u - a potion of heal wounds
 w - a potion of flight
 A - 2 potions of poison


   Skills:
 + Level 5.5 Fighting
 - Level 3.0 Axes
 - Level 3.0 Polearms
 * Level 5.8 Dodging
 + Level 1.5 Unarmed Combat


You had 6 spell levels left.
You didn't know any spells.

Dungeon Overview and Level Annotations

Branches:
Dungeon (5/27)
 Temple: D:4-7

Altars:
Xom
the Shining One


Message History

The centaur hits you but does no damage.
The centaur hits you.
You barely miss the centaur.
The centaur is lightly wounded.
The centaur hits you but does no damage.
The centaur closely misses you.
You slash the centaur! You tail-slap the centaur.
The centaur is severely wounded.
Xom's power touches on your mind for a moment.
The centaur looks rather confused.
You hit the centaur.
The centaur is almost dead.
The centaur barely misses you.
You smell something rotten. (slot q)
You slash the centaur!
The centaur explodes!
The fiery explosion engulfs you!
Ouch! That really hurt!
You die...
Xom howls with laughter!

### ## #.. ..#######
###.# ## ...#.#.. ...#
.... ####.#.#.#
#..###.#.. ......#.#
#..#......
##.##.#.#####.........#
#>.........(((@§§......
#..##.#.#####(§§§....<.
###.........###.#§###.###
#.......##..(...#.# #
#.#.....##........#
#.#.#...##......### . .
..#.#...##......# #. .#
#...............# # #. .#
#.#.#%%.#.#.##### #(#. ..


There were no monsters in sight!

Vanquished Creatures
  The ghost of mahrgell the Ruinous, an average TeWz (D:3)
  A phantom (D:4)
  A centaur (D:5)
  Sigmund (D:3)
  A hound (D:5)
  A scorpion (D:4)
  2 worker ants (D:4)
  A hound skeleton (D:4)
  A worker ant zombie (D:5)
  3 adders
  An inept feature mimic (D:3)
  2 giant mites
  A worm (D:2)
  A giant eyeball (D:5)
  5 orcs
  3 ball pythons
  8 bats
  A bat skeleton (D:4)
  6 hobgoblins
  3 quokkas
  3 giant cockroaches
  4 giant geckos
  3 giant newts
  7 goblins
  9 jackals
  10 kobolds
  A kobold (shapeshifter) (D:1)
  An orc skeleton (D:4)
  A quokka zombie (D:5)
  11 rats
94 creatures vanquished.

Notes
Turn   | Place    | Note
--------------------------------------------------------------
     0 | D:1      | Lekart, the Draconian Chaos Knight, began the quest for the Orb.
     0 | D:1      | Reached XP level 1. HP: 17/17 MP: 1/1
     4 | D:1      | XOM: harmless Ice miscast
   111 | D:1      | XOM: divination: magic mapping
   173 | D:1      | Reached XP level 2. HP: 11/24 MP: 2/2
   222 | D:1      | XOM: harmless Divn miscast
   699 | D:2      | Reached XP level 3. HP: 11/30 MP: 3/3
   715 | D:2      | XOM: divination: detect items
   729 | D:2      | XOM: silly message
  1020 | D:2      | XOM: divination: detect creatures
  1247 | D:3      | Noticed Sigmund
  1249 | D:3      | XOM: mild Trmt miscast
  1252 | D:3      | XOM: cast spell 'Dispersal'
  1253 | D:3      | XOM: swap weapons
  1255 | D:3      | XOM: confusion (+ monsters)
  1275 | D:3      | Killed Sigmund
  1275 | D:3      | Reached skill level 4 in Fighting
  1275 | D:3      | Reached XP level 4. HP: 24/38 MP: 4/4
  1404 | D:3      | Reached XP level 5. HP: 37/44 MP: 5/5
  1424 | D:3      | XOM: blink monster(s)
  1456 | D:3      | Noticed mahrgell's ghost (average TeWz)
  1457 | D:3      | Killed mahrgell's ghost
  1505 | D:3      | Found a shimmering altar of Xom.
  1617 | D:3      | Found a glowing golden altar of the Shining One.
  1628 | D:3      | Reached XP level 6. HP: 49/51 MP: 6/6
  1765 | D:3      | XOM: noise
  1877 | D:3      | XOM: harmless Trmt miscast
  2512 | D:4      | Reached skill level 5 in Fighting
  2512 | D:4      | Reached skill level 5 in Dodging
  2609 | D:4      | XOM: 5-stop teleportation journey
  3177 | D:5      | Entered Level 5 of the Dungeon
  3245 | D:5      | Got an iridescent spear
  3246 | D:5      | Identified the cursed spear of Ateffam {pierce, Int-1} (You found it on level 5 of the Dungeon)
  3274 | D:5      | XOM: harmless Tloc miscast
  3284 | D:5      | XOM: 2-stop teleportation journey
  3286 | D:5      | Paralysed by a giant eyeball for 2 turns
  3289 | D:5      | Paralysed by a giant eyeball for 3 turns
  3299 | D:5      | Reached skill level 1 in Unarmed Combat
  3299 | D:5      | Your scales start taking on a golden yellow colour.
  3299 | D:5      | Reached XP level 7. HP: 32/58 MP: 7/7
  3317 | D:5      | XOM: harmless Conj miscast
  3506 | D:5      | XOM: inner flame monster(s)
  3509 | D:5      | XOM: confuse monster(s)
  3511 | D:5      | Killed from afar by a centaur

Action                   |  1- 3 |  4- 6 |  7- 9 || total
-------------------------+-------+-------+-------++-------
Melee: Hand axe          |    92 |       |       ||    92
       Scythe            |     6 |   163 |    35 ||   204
       Spear             |       |    27 |       ||    27
Evoke: Wand              |       |    14 |       ||    14
  Use: Potion            |     5 |     3 |     1 ||     9
       Scroll            |       |     6 |       ||     6
 Stab: Sleeping          |       |     1 |       ||     1
